 Dungeon Crawl Stone Soup version 0.28.0-53-g5a82cb258f (webtiles) character file.

Game seed: 13541259705855810911

22473 purpskrrrp the Fighter (level 13, -11/139 (156) HPs)
             Began as a Formicid Fighter on June 23, 2022.
             Was a High Priest of Dithmenos.
             Killed by divine providence
             ... invoked by an orc priest
              (13 damage)
             ... on level 2 of the Orcish Mines.
             The game lasted 01:15:03 (12406 turns).

purpskrrrp the Fighter (Formicid Fighter)          Turns: 12406, Time: 01:15:04

HP:   -11/139 (156) AC: 26    Str: 28    XL:     13   Next: 27%
MP:   0/14          EV:  2    Int:  8    God:    Dithmenos [*****.]
Gold: 167           SH:  5    Dex: 10    Spells: 12/12 levels left

rFire   . . .      SeeInvis .   K - +5 great sword (vamp)
rCold   . . .      Faith    .   c - +0 buckler
rNeg    . . .      Spirit   +   (armour currently unavailable)
rPois   +          Reflect  .   (helmet unavailable)
rElec   .          Harm     .   (cloak currently unavailable)
rCorr   .          Rampage  .   (gloves currently unavailable)
Will    +....                   (boots currently unavailable)
Stlth   ++++......              l - amulet of guardian spirit
HPRegen 0.33/turn               z - +4 ring of protection
MPRegen 0.14/turn               p - +4 ring of evasion

@: tree-form, corroded, wreathed by umbra, heavily drained
A: stationary, stasis, torment immunity, boosted hp, permanent stasis, dig
shafts and tunnels, (antennae 3), four strong arms, high MP 1, strong 1,
MP-powered wands
a: Renounce Religion, Shadow Step, Shadow Form


You were on level 2 of the Orcish Mines.
You worshipped Dithmenos.
Dithmenos was extremely pleased with you.
You were a tree.
You visited 2 branches of the dungeon, and saw 12 of its levels.
You also visited: Sewer.

You collected 919 gold pieces.
You spent 752 gold pieces at shops.

Inventory:

Hand Weapons
 a - a +2 short sword of holy wrath
 m - a +4 quarterstaff of chaos
 n - a +1 trident of protection
 E - the +0 staff of Battle
   (You found it on level 8 of the Dungeon)

   It enhances your conjuration magic.
   It summons a battlesphere in combat, with strength depending on Conjurations
   skill.
   Its strikes trigger the battlesphere's blasts.
 J - a +3 morningstar of protection
 K - a +5 vampiric great sword (weapon)
 Q - a +1 halberd of protection
 S - a +0 mace
Missiles
 o - 3 boomerangs
 q - 2 throwing nets (quivered)
 u - 4 javelins
 B - 5 curare-tipped darts
 O - 3 silver boomerangs
Armour
 b - a +0 scale mail
 c - a +0 buckler (worn)
 h - a +0 hat
 i - a +0 cloak (melded)
 t - a +1 troll leather armour (melded) {Pargi}
Magical Staves
 f - a staff of air
Jewellery
 d - a ring of fire
 j - a ring of poison resistance
 l - an amulet of guardian spirit (around neck)
 p - a +4 ring of evasion (right branch)
 r - a ring of wizardry
 z - a +4 ring of protection (left branch)
 L - an amulet of magic regeneration
 M - a ring of wizardry
Wands
 y - a wand of iceblast (6)
 G - a wand of flame (6)
 N - a wand of polymorph (5)
Scrolls
 s - 4 scrolls of fear
 v - 2 scrolls of identify
 w - 3 scrolls of teleportation
 D - a scroll of immolation
 F - a scroll of magic mapping
 I - a scroll of blinking
 R - 2 scrolls of enchant armour
 T - a scroll of brand weapon
Potions
 g - 2 potions of brilliance
 k - 4 potions of flight
 x - 2 potions of mutation
 A - 2 potions of attraction
 C - 2 potions of cancellation
 H - 3 potions of lignification


   Skills:
 + Level 10.4 Fighting
 + Level 9.3 Long Blades
 + Level 6.6(6.7) Maces & Flails
 + Level 10.3 Polearms
 + Level 1.4(7.9) Staves
 + Level 1.1 Throwing
 + Level 5.7 Armour
 + Level 7.1 Dodging
 + Level 5.0 Stealth
 + Level 8.6 Shields
 + Level 2.7 Evocations


You had 12 spell levels left.
You didn't know any spells.
Your spell library contained the following spells:

 Spells                   Type           Power      Damage    Failure   Level
 Animate Skeleton         Necr           0%         N/A       45%         1
 Beastly Appendage        Tmut           0%         N/A       45%         1
 Pain                     Necr           0%         1d4       45%         1
 Ensorcelled Hibernation  Hex/Ice        0%         N/A       58%         2
 Passwall                 Tmut/Erth      0%         N/A       58%         2
 Wereblood                Tmut           0%         N/A       58%         2
 Dazzling Flash           Conj/Hex       0%         N/A       83%         3
 Gell's Gravitas          Tloc           0%         N/A       83%         3
 Lesser Beckoning         Tloc           0%         N/A       83%         3
 Spider Form              Tmut/Pois      0%         N/A       83%         3
 Teleport Other           Tloc           0%         N/A       83%         3
 Tukima's Dance           Hex            0%         N/A       83%         3
 Vampiric Draining        Necr           0%         2d6       83%         3
 Anguish                  Hex/Necr       0%         N/A       99%         4
 Agony                    Necr           0%         N/A       100%        5
 Silence                  Hex/Air        0%         N/A       100%        5
 Enfeeble                 Hex            0%         N/A       100%        7
 Swiftness                Air            Unusable   N/A       N/A         3

Dungeon Overview and Level Annotations

Branches:
Dungeon (10/15)            Temple (0/1) D:6             Orc (2/2) D:10
  Sewer (visited)
   Lair: D:8-11         Elf: Orc:2

Altars:
Dithmenos
Hepliaklqana
Beogh

Shops:
D:5 *=   D:6 *   Orc:2 *:??


Innate Abilities, Weirdness & Mutations

You are a tree.
Your roots penetrate the ground, keeping you stationary.
You cannot be teleported.
You are immune to unholy pain and torment.
Your maximum health is greatly increased.
Your equipment is partially melded.
You cannot be hasted, slowed, berserked, paralysed or teleported.
You can dig through walls and to a lower floor.
((You have a pair of large antennae on your head. (SInv)))
Your four strong arms can wield two-handed weapons with a shield.
You have an increased reservoir of magic. (+10% MP)
Your muscles are strong. (Str +2)
You expend magic power (3 MP) to strengthen your wands.


Message History

* * * LOW HITPOINT WARNING * * *
The red devil disappears in a puff of smoke!
The barbed spikes dig painfully into your body as you move.
* * * LOW HITPOINT WARNING * * *
The barbed spikes dig painfully into your body as you move.
* * * LOW HITPOINT WARNING * * *
You feel much better.
The orc priest invokes the aid of Beogh against you.
Beogh smites you!
* * * LOW HITPOINT WARNING * * *
The orc sorcerer casts a spell.
The barbed spikes dig painfully into your body as you move.
* * * LOW HITPOINT WARNING * * *
The barbed spikes dig painfully into your body as you move.
* * * LOW HITPOINT WARNING * * *
The barbed spikes dig painfully into your body as you move.
* * * LOW HITPOINT WARNING * * *
You feel better.
The orc sorcerer hits you but does no damage.
The barbed spikes dig painfully into your body as you move.
* * * LOW HITPOINT WARNING * * *
The barbed spikes dig painfully into your body as you move.
* * * LOW HITPOINT WARNING * * *
You feel better.
The orc sorcerer hits you but does no damage.
Really quaff the potion of lignification?
You turn into a tree.
Your +0 cloak melds into your body.
Your +1 troll leather armour {Pargi} melds into your body.
Your roots penetrate the ground.
You carefully extract the barbed spikes from your body.
You block the rust devil's attack.
You slice the orc sorcerer!!
You feel better.
The orc sorcerer is almost dead.
The rust devil hits you. The rust devil corrodes you!
The orc sorcerer casts a spell at you. The bolt of negative energy hits you!!
You feel drained.
* * * LOW HITPOINT WARNING * * *
The orc priest invokes the aid of Beogh against you.
Beogh smites you!
You die...

##.## #...## ######)<)#
###.##.##[)### ##.....)..))).##
#.........)[...#
##.##.....[)).## ###
####.........# ###.##
##.##.......♣o###....#
#...#......#4.##....##
#...##.##.##.o.#...## ####
##.........##..o..######..##
####......)[)....o###.##....#
##.##..)............#....#...##
#............[.....#oo.{o§§...#
##.....................{{§§..##
###...)..............#§§§{{{{o


You could see a rust devil (summoned), an orc sorcerer, 3 orc priests and 2
orcs.

Vanquished Creatures
  2 hydras (D:10)
  A centaur warrior (D:10)
  5 two-headed ogres
  5 orc high priests (Orc:2)
  Sonja (D:10)
  Pikel (D:7)
  An orc knight (D:10)
  2 ugly things
  2 orc sorcerers
  5 centaur zombies
  Joseph (D:7)
  A komodo dragon (D:9)
  A tengu conjurer (D:8)
  5 trolls
  Sigmund (D:2)
  A vampire (D:9)
  A wraith (D:9)
  9 yaks (D:9)
  3 steam dragons
  A wyvern (D:8)
  4 vampire mosquitoes (D:10)
  3 wargs (Orc:1)
  2 water moccasins (D:7)
  24 orc warriors
  Pargi (Sewer)
  2 ice beasts (D:6)
  A hornet zombie (D:7)
  A sky beast (D:6)
  4 ogres
  2 centaurs
  A phantom (D:6)
  A kobold brigand (D:9)
  3 bullfrogs
  6 scorpions
  3 killer bees (D:7)
  10 wights
  2 howler monkeys (D:8)
  A bullfrog zombie (D:5)
  3 hounds
  A jelly (D:6)
  20 orc priests
  A bullfrog skeleton (D:5)
  2 gnoll shamans
  Crazy Yiuf (D:2)
  An iguana (D:4)
  Ijyb (D:5)
  Terence (D:2)
  20 orc wizards
  A killer bee zombie (D:7)
  A hound skeleton (D:5)
  A mummy (D:4)
  Robin (D:3)
  9 adders
  A howler monkey skeleton (D:6)
  7 gnolls
  A shadow imp (D:6)
  2 ufetubi
  A worm (D:4)
  2 dart slugs
  45 orcs
  4 bats
  5 endoplasms
  4 giant cockroaches
  19 goblins
  5 hobgoblins
  10 jackals
  10 kobolds
  3 quokkas
  9 ball pythons
  4 frilled lizards (D:1)
  A hobgoblin zombie (D:4)
  An orc zombie (D:4)
  7 rats
325 creatures vanquished.

Vanquished Creatures (others)
  An orc (Orc:2)
  2 kobolds (D:9)
  3 fungi (D:5)
6 creatures vanquished.

Grand Total: 331 creatures vanquished

Notes
Turn   | Place    | Note
-------+----------+-------------------------------------------
     0 | D:1      | purpskrrrp the Formicid Fighter began the quest for the
                  | Orb.
     0 | D:1      | Reached XP level 1. HP: 18/18 MP: 1/1
   168 | D:1      | Reached XP level 2. HP: 24/24 MP: 2/2
   852 | D:1      | Reached XP level 3. HP: 29/29 MP: 3/3
  1299 | D:2      | Found a shadowy altar of Dithmenos.
  1449 | D:2      | Became a worshipper of Dithmenos the Shadowed
  1591 | D:2      | Reached XP level 4. HP: 25/37 MP: 4/4
  1610 | D:2      | Noticed Sigmund
  1768 | D:2      | Killed Sigmund
  1769 | D:2      | Reached skill level 1 in Dodging
  1769 | D:2      | Reached XP level 5. HP: 15/42 MP: 5/5
  1769 | D:2      | Reached XP level 6. HP: 17/48 MP: 6/6
  2117 | D:2      | Noticed Terence
  2128 | D:2      | Killed Terence
  2250 | D:2      | Found a runed translucent door.
  2251 | D:2      | Noticed Crazy Yiuf
  2400 | D:2      | Killed Crazy Yiuf
  2559 | D:3      | Found a hazy altar of Hepliaklqana.
  2665 | D:3      | Noticed Robin
  2686 | D:3      | Killed Robin
  3489 | D:4      | Found a glowing drain.
  3510 | Sewer    | Entered a sewer
  3559 | Sewer    | Noticed Pargi
  3588 | Sewer    | Killed Pargi
  3589 | Sewer    | Reached XP level 7. HP: 41/55 MP: 7/7
  3955 | D:4      | Reached * piety under Dithmenos
  3956 | D:4      | Reached skill level 5 in Polearms
  4008 | D:4      | Reached skill level 5 in Fighting
  4889 | D:5      | Entered Level 5 of the Dungeon
  4935 | D:5      | Found Noys's Gadget Gallery.
  4965 | D:5      | Reached skill level 1 in Stealth
  4965 | D:5      | Reached XP level 8. HP: 62/62 MP: 8/8
  5249 | D:5      | Reached ** piety under Dithmenos
  5421 | D:5      | Noticed Ijyb
  5436 | D:5      | Killed Ijyb
  5437 | D:5      | Reached XP level 9. HP: 68/69 MP: 9/9
  5454 | D:5      | Found Ricvix's Jewellery Boutique.
  5967 | D:5      | Bought a wand of flame (8) for 65 gold pieces
  6057 | D:6      | Reached skill level 5 in Shields
  6210 | D:6      | Found Nabug's General Store.
  6215 | D:6      | Noticed a two-headed ogre
  6218 | D:6      | Bought a potion of mutation for 112 gold pieces
  6218 | D:6      | Gained mutation: Your muscles are strong. (Str +2) [potion
                  | of mutation]
  6218 | D:6      | Gained mutation: You have hidden genetic potential. [potion
                  | of mutation]
  6251 | D:7      | Killed a two-headed ogre
  6252 | D:7      | Reached skill level 5 in Armour
  6332 | D:6      | Reached skill level 1 in Evocations
  6347 | D:6      | Found a staircase to the Ecumenical Temple.
  6498 | D:7      | Noticed a cyan ugly thing
  6521 | D:7      | Killed a cyan ugly thing
  6522 | D:7      | Reached XP level 10. HP: 10/77 MP: 10/10
  6610 | D:7      | Gained mutation: You expend magic power (3 MP) to
                  | strengthen your wands. [hidden potential]
  6630 | D:7      | Reached *** piety under Dithmenos
  6748 | D:7      | Noticed Pikel
  6759 | D:7      | Killed Pikel
  6760 | D:7      | Reached skill level 10 in Polearms
  6812 | D:7      | Noticed Joseph
  6827 | D:7      | Killed Joseph
  6828 | D:7      | Reached skill level 1 in Maces & Flails
  7346 | D:8      | You fall into a shaft and drop 2 floors!
  7346 | D:10     | Entered Level 10 of the Dungeon
  7662 | D:10     | Reached XP level 11. HP: 82/86 MP: 11/11
  7739 | D:8      | Noticed a two-headed ogre
  7749 | D:8      | Killed a two-headed ogre
  7750 | D:8      | Reached skill level 5 in Dodging
  7766 | D:8      | Noticed a two-headed ogre
  7770 | D:8      | Gained mutation: You have an increased reservoir of magic.
                  | (+10% MP) [hidden potential]
  7770 | D:8      | Lost mutation: You have hidden genetic potential. [hidden
                  | potential expressed]
  7784 | D:8      | Killed a two-headed ogre
  7785 | D:8      | Reached skill level 5 in Maces & Flails
  8015 | D:8      | Noticed a two-headed ogre
  8024 | D:8      | Killed a two-headed ogre
  8168 | D:8      | Reached **** piety under Dithmenos
  8466 | D:8      | Found the +0 staff of Battle
  8660 | D:9      | Reached skill level 1 in Long Blades
  8820 | D:9      | Noticed a two-headed ogre
  8829 | D:9      | Killed a two-headed ogre
  9293 | D:9      | Reached XP level 12. HP: 82/95 MP: 13/13
  9842 | D:10     | Reached skill level 5 in Long Blades
  9852 | D:10     | Reached ***** piety under Dithmenos
  9984 | D:10     | Noticed Sonja
  9988 | D:10     | Killed Sonja
 10020 | D:10     | Noticed an eight-headed hydra
 10020 | D:10     | Noticed an eight-headed hydra
 10043 | D:10     | Killed an eight-headed hydra
 10101 | D:10     | Killed an eight-headed hydra
 10102 | D:10     | Reached skill level 1 in Staves
 10278 | D:10     | Found a staircase to the Orcish Mines.
 10280 | D:10     | Noticed a centaur warrior
 10287 | D:10     | Killed a centaur warrior
 10528 | Orc:1    | Entered Level 1 of the Orcish Mines
 11282 | Orc:2    | Entered Level 2 of the Orcish Mines
 11376 | Orc:2    | Noticed an orc high priest
 11390 | Orc:2    | Noticed a soul eater
 11403 | Orc:1    | Reached skill level 10 in Fighting
 11426 | Orc:2    | Noticed a sixfirhy
 11627 | Orc:2    | Killed an orc high priest
 11760 | Orc:2    | Reached XP level 13. HP: 102/103 MP: 10/14
 11839 | Orc:2    | HP: 2/103 [sixfirhy[an orc high priest] (11)]
 12145 | Orc:2    | Found Icsoev's Book Shop.
 12155 | Orc:2    | Found Igirphex's General Store.
 12163 | Orc:2    | Found Ceghauf's Magic Scroll Boutique.
 12167 | Orc:2    | Found Gelotrok's Magic Scroll Boutique.
 12171 | Orc:2    | Reached skill level 1 in Throwing
 12190 | Orc:2    | Bought a potion of heal wounds for 65 gold pieces
 12193 | Orc:2    | Bought 3 scrolls of enchant armour for 270 gold pieces
 12193 | Orc:2    | Bought a scroll of brand weapon for 240 gold pieces
 12269 | Orc:2    | Reached skill level 5 in Stealth
 12403 | Orc:2    | HP: 3/98 [barbs]
 12406 | Orc:2    | Killed from afar by an orc priest

Illustrated notes

Levels and vault maps discovered:
D:1:      amcnicky_arrival_abandoned_market, layout_basic, amethyst_killhole,
          serial_park_tiny_2, minmay_strange_pillars, minmay_door_square
D:2:      layout_rooms, basic_altar, uniq_crazy_yiuf_cottage, uniq_sigmund,
          uniq_terence
D:3:      layout_loops_ring, pf_just_have_faith, serial_bayou,
          serial_bayou_pond_e, serial_bayou_lagoon_a, serial_bayou_shore_b,
          serial_bayou_lake_a, uniq_robin
D:4:      layout_layer_cave, cheibrodos_sewer_entry_bend,
          nicolae_ossuary_entry_giza
D:5:      kennysheep_steamy, layout_loops_ring, serial_shops,
          nicolae_diamond_shop, eino_tiny_chamber, nicolae_shop_gadgets,
          uniq_ijyb
D:6:      layout_gridville, minmay_temple_entry_from_below_b, serial_shops,
          nicolae_square_shop
D:7:      layout_loops_ring, uniq_joseph, uniq_pikel
D:8:      layout_loops_ring, hellmonk_guarded_unrand_staff_of_battle
D:9:      layout_basic, nzn_life_drinkers
D:10:     layout_irregular_city, david_orc_3, kb_rosetta, uniq_sonja
Orc:1:    layout_caves, basic_altar
Orc:2:    st_orc_mages, layout_caves

Skill      XL: |  1  2  3  4  5  6  7  8  9 10 11 12 13 |
---------------+----------------------------------------+-----
Shields        | 4 6 7 8 |  8.6
Fighting       | 4 5 6 8 9 10 | 10.4
Polearms       | 4 5 7 9 10 | 10.3
Armour         | 4 5 |  5.7
Dodging        | 1 2 3 4 5 6 7 |  7.1
Stealth        | 1 2 3 4 5 |  5.0
Evocations     | 1 2 |  2.7
Maces & Flails | 3 6 |  6.6
Long Blades    | 4 8 9 |  9.3
Staves         | 1 |  1.4
Throwing       | 1 |  1.1

Action                   |  1- 3 |  4- 6 |  7- 9 | 10-12 | 13-15 || total
-------------------------+-------+-------+-------+-------+-------++-------
Melee: Trident           |    94 |   129 |   345 |    24 |       ||   592
       Falchion          |       |     5 |       |       |       ||     5
       Quarterstaff      |       |     3 |       |    16 |       ||    19
       Morningstar       |       |       |       |   215 |       ||   215
       Great sword       |       |       |       |   344 |    88 ||   432
Throw: Javelin           |       |       |       |    15 |       ||    15
       Dart              |       |       |       |     3 |       ||     3
       Throwing net      |       |       |       |       |     4 ||     4
Evoke: Wand              |       |       |     7 |     9 |     2 ||    18
  Use: Scroll            |     2 |       |       |    16 |     1 ||    19
       Potion            |       |     2 |     1 |     4 |    10 ||    17
 Stab: Sleeping          |       |       |     5 |     5 |       ||    10
       Held in net/web   |       |       |       |       |     3 ||     3
Armor: Scale mail        |    38 |    77 |       |       |       ||   115
       Troll leather arm |       |       |    94 |   209 |    34 ||   337
       Skin              |       |       |       |       |     1 ||     1
Dodge: Dodged            |    23 |    88 |   264 |   707 |    90 ||  1172
Block: Buckler           |    10 |    28 |    51 |   200 |    40 ||   329
